 Dungeon Crawl Stone Soup version 0.31-a0-986-g5e6e4ef867 (webtiles) character file.

Game seed: 604005316901662879

86 IdlyInterested the Trooper (level 4, -1/37 HPs)
             Began as a Demonspawn Gladiator on Nov 7, 2023.
             Slain by Terence
             ... wielding a +1 flail of protection
              (10 damage)
             ... on level 3 of the Dungeon.
             The game lasted 00:03:50 (1823 turns).

IdlyInterested the Trooper (Demonspawn Gladiator)   Turns: 1823, Time: 00:03:51

Health: -1/37      AC:  5    Str: 15 (16) XL:     4   Next: 27%
Magic:  4/4        EV: 13    Int:  8 (9)  God:
Gold:   144        SH:  0    Dex: 15      Spells: 3/3 levels left

rFire   . . .        a - +0 flail
rCold   . . .        (no shield)
rNeg    . . .        p - +2 robe {Will+}
rPois   .            (helmet restricted)
rElec   .            (no cloak)
rCorr   +            n - +0 pair of gloves
SInv    .            (no boots)
Will    +....        (no amulet)
Stlth   +            i - ring of resist corrosion
HPRegen 0.26/turn    (no ring)
MPRegen 0.09/turn

%: no passive effects
@: no status effects
A: antennae 1
a: no special abilities


You were on level 3 of the Dungeon.
You visited 1 branch of the dungeon, and saw 3 of its levels.

You collected 144 gold pieces.

Inventory:

Hand Weapons
 a - a +0 flail (weapon)
Missiles
 d - a throwing net
 e - a javelin
 f - 23 stones (quivered)
Armour
 n - a +0 pair of gloves (worn)
 p - a +2 robe of willpower (worn)
Jewellery
 i - a ring of resist corrosion (left hand)
Scrolls
 g - a scroll of fog
 j - a scroll of teleportation
 k - 2 scrolls of revelation
 m - a scroll of enchant weapon {unknown}
 o - a scroll of amnesia
Potions
 b - a potion of lignification {unknown}
 h - a potion of mutation {unknown}
 l - a potion of enlightenment {unknown}


   Skills:
 + Level 3.6 Fighting
 - Level 2.6 Maces & Flails
 - Level 2.0 Throwing
 - Level 1.0 Armour
 - Level 3.0 Dodging
 + Level 0.4 Shields
 - Level 1.0 Evocations


You had 3 spell levels left.
You didn't know any spells.
Your spell library was empty.

Dungeon Overview and Level Annotations

Branches:
Dungeon (3/15)

Altars:
Ru

Annotations:
D:3 Terence


Innate Abilities, Weirdness & Mutations

You have a pair of small antennae on your head.


Message History

Terence is heavily wounded.
Terence struggles against the net. x2
The net rips apart, and Terence comes free!
You completely miss Terence.
Terence is heavily wounded.
Terence barely misses you.
You hit Terence but do no damage.
Terence is heavily wounded.
Terence misses you.
You barely miss Terence.
Terence is heavily wounded.
Terence hits you with a +1 flail of protection!
* * * LOW HITPOINT WARNING * * *
Throw: 2 throwing nets
Press: ? - help, Shift-Dir - straight line, f/p - Terence
Aim: Terence, wielding a +1 flail of protection and wearing a +0 ring mail (heavily wounded, 61% to hit)
You throw a throwing net. The throwing net hits Terence.
Terence is caught in the net!
Terence is heavily wounded.
Terence struggles against the net.
You catch the helpless Terence completely off-guard!
You hit Terence.
Terence is heavily wounded.
Terence struggles against the net. x2
You catch the helpless Terence completely off-guard!
You hit Terence.
Terence is almost dead.
Terence struggles against the net.
You hit Terence.
Terence is almost dead.
Terence struggles against the net.
You hit Terence but do no damage.
Terence is almost dead.
Terence struggles against the net.
The net rips apart, and Terence comes free!
You hit Terence but do no damage.
Terence is almost dead.
Terence misses you.
Terence hits you with a +1 flail of protection!
You die...

.......................,***,,,,,*
.......................,* *,*****
,.....................$,* *,*
**#..>..........<......,* *,*
###....................,* *,*
###....................,* *,*
###.....<......###+##+#****,**
######.........###.#*,* *,,,,*
######.........@@..#*,***,**,***
######.........#####*,,,,,**,,,*
######.........#,,,,,,,,,,,,,,,*
######...#+#....,,,,,*,,,,,,*,,*
?#####.†.#.#.....*,,,*,,,,,,*,,*
.#####...#.#.....#,,,*,,,,,,*,**
.#####...+.#.....,,,,,,,,,,,_,*
.#####...###...,,,,,,,,,,,,,,,*
.#####...+.+...,,,,,,*,,*,,,*,*


You could see Terence.

Vanquished Creatures
  Jessica (D:2)
  3 adders
  4 ball pythons (D:1)
  4 endoplasms
  2 giant cockroaches
  2 goblins (D:1)
  4 hobgoblins
  2 jackals (D:1)
  A quokka (D:1)
  4 bats
  2 frilled lizards (D:1)
  2 kobolds (D:1)
  2 rats
33 creatures vanquished.

Notes
Turn   | Place    | Note
-------+----------+-------------------------------------------
     0 | D:1      | IdlyInterested the Demonspawn Gladiator began the quest for
                  | the Orb.
     0 | D:1      | Reached XP level 1. HP: 16/16 MP: 1/1
   293 | D:1      | Gained mutation: You have a pair of small antennae on your
                  | head. [demonic ancestry]
   293 | D:1      | Reached XP level 2. HP: 23/23 MP: 2/2
  1032 | D:2      | Found a sacrificial altar of Ru.
  1160 | D:2      | Reached skill level 1 in Armour
  1160 | D:2      | Reached XP level 3. HP: 17/29 MP: 3/3
  1518 | D:2      | Noticed Jessica
  1520 | D:2      | Killed Jessica
  1521 | D:2      | Reached skill level 1 in Evocations
  1521 | D:2      | Reached XP level 4. HP: 35/35 MP: 4/4
  1778 | D:3      | Noticed Terence
  1823 | D:3      | Slain by Terence

Illustrated notes

Levels and vault maps discovered:
D:1:      roderic_dead_forest, layout_loops_ring, serial_forest,
          infiniplex_forest_end_3, infiniplex_forest_lined_3,
          infiniplex_forest_zigzag_1, infiniplex_forest_straight_4,
          infiniplex_forest_clump_small, infiniplex_forest_straight_2
D:2:      layout_loops_ring, basic_altar, uniq_jessica
D:3:      layout_basic, ashenzari_altar_1, hellmonk_ecumenical_altar_lost_god,
          kennysheep_generic_room_3, uniq_terence, uniq_natasha

Skill      XL: |  1  2  3 |
---------------+----------+-----
Throwing       | 2 |  2.0
Dodging        | 3 |  3.0
Fighting       | 3 |  3.6
Armour         | 1 |  1.0
Evocations     | 1 |  1.0
Maces & Flails | |  2.6
Shields        | |  0.4

Action                     |  1- 3 |  4- 6 || total
---------------------------+-------+-------++-------
  Melee: Flail             |   181 |    40 ||   221
         Punch             |     4 |       ||     4
  Throw: Throwing net      |       |     2 ||     2
    Use: Potion            |     1 |       ||     1
         Scroll            |       |     4 ||     4
   Stab: Sleeping          |     1 |     1 ||     2
         Held in net/web   |       |     2 ||     2
 Armour: Leather armour    |    57 |       ||    57
         Robe              |       |    16 ||    16
  Dodge: Dodged            |    63 |    29 ||    92

Table legend: (Time is in decaauts)
 A = Elapsed time spent in this place.
 B = Non-inter-level travel time spent in this place.
 C = Inter-level travel time spent in this place.
 D = Time resting spent in this place.
 E = Time spent auto-exploring this place.
 F = Levels seen in this place.
 G = Mean time per level.
                   A        B        C        D        E       F      G
               +--------+--------+--------+--------+--------+-----+--------+
         Total |   1881 |   1832 |     49 |    266 |   1069 |   3 |  627.0 |
       Dungeon |   1881 |   1832 |     49 |    266 |   1069 |   3 |  627.0 |
               +--------+--------+--------+--------+--------+-----+--------+

Top non-repeatable levels by time:
     D:1: 1062 daAuts
     D:2: 752 daAuts
     D:3: 66 daAuts
